 Dungeon Crawl Stone Soup version 0.25.1-2-g60ff931df9 (webtiles) character file.

Game seed: 10985002432572700446

15628 Delamore the Basher (level 12, 0/118 HPs)
             Began as a Gargoyle Fighter on Oct 29, 2020.
             Was a High Priest of Okawaru.
             Slain by a hellwing (10 damage)
             ... in a Gauntlet.
             The game lasted 00:14:53 (12166 turns).

Delamore the Basher (Gargoyle Fighter)             Turns: 12166, Time: 00:14:53

Health: 0/118      AC: 29    Str: 29    XL:     12   Next: 29%
Magic:  8/12       EV: 15    Int:  8    God:    Okawaru [*****.]
Gold:   665        SH: 13    Dex:  9    Spells: 11/11 levels left

rFire    + . .     SeeInvis .   d - +6 mace (freeze)
rCold    + . .     Gourm    .   c - +0 kite shield
rNeg     + + .     Faith    .   N - +4 chain mail
rPois    ∞         Spirit   .   r - +2 helmet
rElec    +         Reflect  .   k - scarf {rC+ rF+}
rCorr    .         Harm     .   H - +1 pair of gloves {Str+3}
MR       .....     NoTele   +   G - +1 pair of boots {Fly}
Stlth    ..........             (no amulet)
HPRegen  0.29/turn              g - ring of positive energy
MPRegen  0.13/turn              F - ring of Phasing {EV+8}

@: berserking, flying, very slightly contaminated, studying Armour, very quick
A: negative energy resistance 1, electricity resistance, unbreathing,
petrification resistance, rot immunity, AC +8
a: Heroism, Finesse, Renounce Religion, Stop Flying


You were in a Gauntlet.
You worshipped Okawaru.
Okawaru was extremely pleased with you.
You were full.

You visited 3 branches of the dungeon, and saw 12 of its levels.
You also visited: Ossuary and Gauntlet.

You collected 882 gold pieces.
You spent 217 gold pieces at shops.

Inventory:

Hand Weapons
 a - a +0 flail
 d - a +6 mace of freezing (weapon)
Missiles
 M - 14 throwing nets (quivered)
 P - 7 javelins
Armour
 c - a +0 kite shield (worn)
 k - a scarf of resistance (worn)
 r - a +2 helmet (worn)
 G - a +1 pair of boots of flying (worn)
 H - a +1 pair of gloves of strength (worn)
 N - a +4 chain mail (worn)
 U - the +0 helmet "Poggi" {rC+}
   (You found it in a Gauntlet)

   It protects you from cold.
Jewellery
 g - a ring of positive energy (left hand)
 F - the ring of Phasing (right hand) {EV+8}
   (You took it off a crimson imp on level 5 of the Dungeon)

   [ring of evasion]

   It affects your evasion (+8).
 J - an uncursed ring of protection from fire
 K - an uncursed ring of protection from magic
 T - the amulet of Odyel {RegenMP rF+ rN+ Stlth+, unknown}
   (You found it in a Gauntlet)

   [amulet of magic regeneration]

   It increases your magic regeneration.
   It protects you from fire.
   It protects you from negative energy.
   It makes you more stealthy.
Wands
 E - a wand of polymorph (9)
 I - a wand of disintegration (3)
 R - a wand of flame (13)
Scrolls
 i - a scroll of holy word
 l - 3 scrolls of enchant armour
 m - 8 scrolls of teleportation
 p - 3 scrolls of enchant weapon
 s - a scroll of random uselessness
 t - 6 scrolls of remove curse
 v - 3 scrolls of amnesia
 w - a scroll of immolation
 y - 2 scrolls of fog
 O - a scroll of fear
 Q - a scroll of blinking
 S - a scroll of magic mapping
Potions
 b - a potion of ambrosia
 e - 4 potions of mutation
 h - 6 potions of lignification
 j - 5 potions of degeneration {unknown}
 n - 11 potions of curing
 o - 2 potions of might
 q - 2 potions of brilliance {unknown}
 u - a potion of magic {unknown}
 x - a potion of stabbing {unknown}
 z - 9 potions of heal wounds {unknown}
 A - a potion of berserk rage
 B - 2 potions of flight {unknown}
 C - a potion of resistance {unknown}
 D - a potion of haste {unknown}
 L - 3 potions of invisibility
Books
 V - a manual of Armour
Comestibles
 f - 22 rations


   Skills:
 + Level 10.9 Fighting
 - Level 14.0 Maces & Flails
 - Level 3.2 Armour
 + Level 10.9 Shields


You had 11 spell levels left.
You didn't know any spells.
Your spell library contained the following spells:

 Spells                   Type           Power        Failure   Level  Hunger
 Animate Skeleton         Necr           N/A          98%         1    ##.....
 Apportation              Tloc           #.....       98%         1    ##.....
 Beastly Appendage        Tmut           #.....       98%         1    ##.....
 Corona                   Hex            #......      98%         1    ##.....
 Magic Dart               Conj           #...         98%         1    ##.....
 Summon Small Mammal      Summ           #...         98%         1    ##.....
 Blink                    Tloc           N/A          99%         2    ###....
 Call Imp                 Summ           #.......     99%         2    ###....
 Slow                     Hex            #.......     99%         2    ###....
 Sticks to Snakes         Tmut           #.......     99%         2    ###....
 Confusing Touch          Hex            #.......     100%        3    ####...
 Conjure Flame            Conj/Fire      #.......     100%        3    ####...
 Gell's Gravitas          Tloc           #.........   100%        3    ####...
 Mephitic Cloud           Conj/Pois/Air  #.......     100%        3    ####...
 Spider Form              Tmut/Pois      #.........   100%        3    ####...
 Ice Form                 Ice/Tmut       #.......     100%        4    #####..
 Petrify                  Tmut/Erth      #.......     100%        4    #####..
 Blade Hands              Tmut           #.........   100%        5    ######.
 Metabolic Englaciation   Hex/Ice        #.........   100%        5    ######.
 Yara's Violent Unravell  Hex/Tmut       #.........   100%        5    ######.


Dungeon Overview and Level Annotations

Branches:
Dungeon (10/15)            Temple (1/1) D:5            Lair (1/6) D:10
    Orc (0/2) D:10        Ossuary (visited)         Gauntlet (1/1)

Altars:
Ashenzari
Cheibriados
Dithmenos
Elyvilon
Fedhas
Gozag
Hepliaklqana
Kikubaaqudgha
Makhleb
Nemelex Xobeh
Okawaru
Qazlal
Ru
Sif Muna
Trog
Uskayaw
Vehumet
Wu Jian
Xom
Yredelemnul
Zin
The Shining One
Beogh

Shops:
D:5 [   D:6 (   D:9 [

Annotations:
Gauntlet 6 transporters, exclusions: obsidian statue and oklob plant


Innate Abilities, Weirdness & Mutations

You are resistant to torment.
Your stone body is resilient. (AC +8)
You are immune to poison.
You resist negative energy. (rN+)
You are resistant to electric shocks. (rElec)
You can survive without breathing.
You are immune to petrification.
You are immune to rotting.


Message History

The shadow imp hits you but does no damage.
You see here a manual of Armour.
V - a manual of Armour The shadow imp misses you.
The hellwing hits you but does no damage.
You block the hellwing's attack.
There is a transporter here.
You enter the transporter and appear at another place.
You block the shadow imp's attack. You block the hellwing's attack.
The hellwing hits you but does no damage.
It was a potion of berserk rage.
A red film seems to cover your vision as you go berserk!
You feel yourself moving faster!
You feel mighty!
The shadow imp hits you but does no damage.
You block the hellwing's attack. The hellwing misses you.
You hit the hellwing. You freeze the hellwing.
The hellwing is lightly wounded.
The shadow imp hits you but does no damage.
The hellwing hits you!
You die...

##..#########..##
.#..#.......#..≈#
.#..#..#.#..#..## #
.####..#.#.?#..≈# .#
©#©©#..#©#.§#..## .# .
.####..#.#..#..≈# ..##.#
##..#.§#.#..#..###.....#
.#..#......2#..#....#
##..#########..#@...#
.............∩.#45..#
...............#.......#
..###########..#©...##.#
..##.#.###P##..#....# .
..#.#.P#..#.#..###..#
..#.##....)##..≈# ....
####.#.P###[#..## ..##
©©###.#.##8©#..≈#


You could see a reaper, a hellwing and a shadow imp.

Vanquished Creatures
  Harold (D:7)
  Erolcha (D:9)
  A two-headed ogre (D:9)
  An ugly thing (D:8)
  A smoke demon (Gauntlet)
  2 trolls
  Grinder (D:6)
  4 slime creatures (D:10)
  4 hippogriffs
  Sigmund (D:3)
  6 flying skulls (Gauntlet)
  Eustachio (D:5)
  9 yaks
  Grum (D:8)
  Edmund (D:5)
  3 phantoms
  3 ice beasts
  2 orc warriors
  5 sky beasts
  6 necrophages
  A black bear (D:8)
  7 ogres
  4 wolves
  5 centaurs
  3 big kobolds
  An elf zombie (D:8)
  A wyvern zombie (D:8)
  4 bullfrogs
  5 gnoll sergeants
  2 water moccasin zombies (Ossuary)
  A scorpion (D:4)
  13 wights
  9 killer bees
  2 electric eels
  3 howler monkeys
  6 crimson imps
  A quasit (D:9)
  3 gnoll shamans (D:9)
  2 human zombies (D:8)
  4 jellies
  7 hounds
  5 orc priests
  4 centaur skeletons
  4 orc wizards
  A bullfrog skeleton (D:6)
  4 iguanas
  A human skeleton (D:8)
  10 worker ants
  Terence (D:3)
  A killer bee zombie (D:8)
  3 big kobold zombies (Ossuary)
  3 hound zombies
  2 hound skeletons
  2 mummies (Ossuary)
  3 worker ant zombies
  46 gnolls
  13 adders
  3 shadow imps
  An ooze (D:2)
  6 adder zombies
  4 adder skeletons
  3 worms
  3 dart slugs
  6 leopard geckos
  32 orcs
  4 giant cockroaches
  9 hobgoblins
  24 jackals
  3 quokkas
  2 ball pythons
  A ball python skeleton (D:4)
  11 bats
  3 frilled lizards
  3 gnoll zombies (Ossuary)
  4 goblins
  4 hobgoblin zombies (Ossuary)
  36 kobolds
  4 kobold zombies (Ossuary)
  A leopard gecko skeleton (D:8)
  An orc skeleton (D:8)
  5 orc zombies
  A quokka zombie (D:8)
  9 rats
  A bush (D:8)
425 creatures vanquished.

Vanquished Creatures (others)
  3 plants (D:8)
  2 withered plants (Gauntlet)
5 creatures vanquished.

Grand Total: 430 creatures vanquished

Notes
Turn   | Place    | Note
-------+----------+-------------------------------------------
     0 | D:1      | Delamore the Gargoyle Fighter began the quest for the Orb.
     0 | D:1      | Reached XP level 1. HP: 14/14 MP: 1/1
   219 | D:1      | Reached XP level 2. HP: 19/19 MP: 2/2
   951 | D:2      | Reached XP level 3. HP: 24/24 MP: 3/3
  1446 | D:2      | Reached skill level 3 in Maces & Flails
  1446 | D:2      | Reached XP level 4. HP: 25/29 MP: 4/4
  1585 | D:2      | Reached XP level 5. HP: 31/34 MP: 5/5
  1939 | D:3      | Noticed Sigmund
  1947 | D:3      | Killed Sigmund
  1947 | D:3      | Reached skill level 5 in Fighting
  1947 | D:3      | Reached skill level 4 in Maces & Flails
  1947 | D:3      | Reached skill level 5 in Shields
  1947 | D:3      | Reached XP level 6. HP: 40/40 MP: 6/6
  1965 | D:3      | Reached skill level 5 in Maces & Flails
  1967 | D:3      | Reached XP level 7. HP: 38/44 MP: 7/7
  2037 | D:3      | Noticed Terence
  2044 | D:3      | Killed Terence
  2203 | D:3      | Reached skill level 6 in Maces & Flails
  2907 | D:4      | Reached skill level 7 in Maces & Flails
  3111 | D:4      | Reached XP level 8. HP: 37/49 MP: 8/8
  3443 | D:4      | Reached skill level 8 in Maces & Flails
  4317 | D:4      | Found a bloodstained altar of Trog.
  4491 | D:5      | Entered Level 5 of the Dungeon
  4545 | D:5      | Reached skill level 9 in Maces & Flails
  4647 | D:5      | Found a basalt altar of Yredelemnul.
  4648 | D:5      | Found a shadowy altar of Dithmenos.
  4791 | D:5      | Noticed Eustachio
  4805 | D:5      | Killed Eustachio
  4805 | D:5      | Reached skill level 10 in Maces & Flails
  4823 | D:5      | Reached XP level 9. HP: 53/54 MP: 9/9
  5019 | D:5      | Found a staircase to the Ecumenical Temple.
  5027 | Temple   | Entered the Ecumenical Temple
  5196 | D:5      | Found Ejirhoy's Antique Armour Emporium.
  5199 | D:5      | Noticed Edmund
  5213 | D:5      | Killed Edmund
  5291 | D:5      | Bought a pair of runed boots for 217 gold pieces
  5510 | D:6      | Found an iron altar of Okawaru.
  5520 | D:6      | Became a worshipper of Warmaster Okawaru
  5727 | D:6      | Found Boam's Weapon Boutique.
  5737 | D:6      | Noticed Grinder
  5740 | D:6      | Reached skill level 11 in Maces & Flails
  5753 | D:6      | Killed Grinder
  5900 | D:6      | Reached * piety under Okawaru
  6131 | D:6      | HP: 1/54 [orc warrior/+0 long sword (7)]
  6411 | D:7      | Reached skill level 12 in Maces & Flails
  6502 | D:7      | Noticed Harold
  6515 | D:7      | Killed Harold
  6515 | D:7      | Reached skill level 13 in Maces & Flails
  6515 | D:7      | Reached XP level 10. HP: 50/59 MP: 10/10
  7300 | D:7      | Reached ** piety under Okawaru
  7450 | D:8      | Noticed Grum
  7482 | D:8      | Reached skill level 14 in Maces & Flails
  7488 | D:8      | Killed Grum
  7522 | D:8      | Found a sand-covered staircase.
  7532 | Ossuary  | Entered an ossuary
  7821 | D:8      | Found a blossoming altar of Fedhas.
  7851 | D:8      | Found a stormy altar of Qazlal.
  7956 | D:8      | Noticed a cyan ugly thing
  7967 | D:8      | Killed a cyan ugly thing
  7967 | D:8      | Reached *** piety under Okawaru
  8191 | D:8      | Reached XP level 11. HP: 66/66 MP: 11/11
  8979 | D:9      | Noticed Erolcha
  8995 | D:9      | Killed Erolcha
  8995 | D:9      | Reached **** piety under Okawaru
  9039 | D:9      | Noticed a two-headed ogre
  9228 | D:9      | Killed a two-headed ogre
  9547 | D:9      | Found a snail-covered altar of Cheibriados.
  9554 | D:9      | Received a gift from Okawaru
 10302 | D:9      | Found Jyjegesom's Armour Emporium.
 10460 | D:10     | Entered Level 10 of the Dungeon
 10515 | D:10     | Reached ***** piety under Okawaru
 10631 | D:10     | Found a staircase to the Orcish Mines.
 10671 | D:10     | Found a roughly hewn altar of Beogh.
 10773 | D:10     | Reached skill level 10 in Fighting
 10773 | D:10     | Reached skill level 10 in Shields
 11018 | D:10     | Reached XP level 12. HP: 77/77 MP: 12/12
 11140 | D:10     | Received a gift from Okawaru
 11386 | D:10     | Found a staircase to the Lair.
 11719 | Lair:1   | Entered Level 1 of the Lair of Beasts
 11719 | Lair:1   | Found a gate leading to a gauntlet.
 11735 | Gauntlet | Entered a Gauntlet
 11735 | Gauntlet | Found a transporter.
 11735 | Gauntlet | Found a transporter.
 11735 | Gauntlet | Found a transporter.
 11736 | Gauntlet | Found a transporter.
 11737 | Gauntlet | Found a transporter.
 11740 | Gauntlet | Found a transporter.
 11746 | Gauntlet | Found a transporter.
 11764 | Gauntlet | Found a transporter.
 11765 | Gauntlet | Found a transporter.
 11766 | Gauntlet | Found a transporter.
 11784 | Gauntlet | Noticed a reaper
 11786 | Gauntlet | Found a transporter.
 11788 | Gauntlet | Found a transporter.
 11936 | Gauntlet | Got a polished helmet
 11947 | Gauntlet | Identified the +0 helmet "Poggi" {rC+} (You found it in a
                  | Gauntlet)
 12160 | Gauntlet | Got a slimy platinum amulet
 12166 | Gauntlet | Slain by a hellwing

Illustrated notes

Levels and vault maps discovered:
D:1:      saegor_arrival_simple_b, layout_basic
D:2:      layout_rooms, first_ration
D:3:      kennysheep_big_flooded_room, layout_basic, uniq_terence, uniq_sigmund
D:4:      kennysheep_kobold_camp, layout_basic, lemuel_coloured_pillars_altar
D:5:      layout_basic, gammafunk_temple_overflow_pools,
          minmay_temple_entry_hall, serial_shops,
          nicolae_shop_temple_entry_statues_fountains, uniq_eustachio,
          uniq_edmund
D:6:      layout_loops_ring, okawaru_gym_becter, serial_shops,
          nicolae_shop_trees, uniq_grinder
D:7:      layout_basic, uniq_harold
D:8:      hangedman_cross_stitches, layout_cave_pods, grunt_qazlal_clouds,
          nicolae_ossuary_entry_catacombs, blue_anna_alchemist
          [blue_anna_fruit_fields, blue_anna_fruit_fields], minivault_14,
          fedhas_altar_decomposition, uniq_grum
D:9:      layout_big_octagon, lemuel_crystal_altar, serial_gnoll_camp,
          gnoll_camp_huts_moat, gnoll_camp_medium_01, gnoll_camp_mini_shop,
          gnoll_camp_mini_loothouse, gnoll_camp_medium_02, uniq_erolcha
D:10:     layout_cave_pods, lair_entry_dummy, minmay_orc_entry_temple_small
Temple:   nicolae_temple_elliptical
Lair:1:   layout_misc_corridors, gauntlet_entry_generic,
          nicolae_quartered_pool_medium, minmay_lair_oklob_chamber,
          grunt_megastairs_4
Gauntlet: minmay_gauntlet_mixed_big_or_small [gammafunk_gauntlet_arena_teeth,
          minmay_gauntlet_arena_77_museum, gammafunk_gauntlet_arena_spirals,
          minmay_gauntlet_arena_77_squiggly, gammafunk_gauntlet_arena_mazey,
          minmay_gauntlet_arena_77_chump_sandwich, gauntlet_exit_hidden_loot]

Skill      XL: |  1  2  3  4  5  6  7  8  9 10 11 |
---------------+----------------------------------+-----
Shields        | 4 5 6 10 | 10.9
Fighting       | 4 5 6 10 | 10.9
Maces & Flails | 3 4 5 7 10 13 14 | 14.0
Armour         | |  3.2

Action                   |  1- 3 |  4- 6 |  7- 9 | 10-12 || total
-------------------------+-------+-------+-------+-------++-------
Melee: Flail             |   184 |   104 |     2 |       ||   290
       Mace              |       |       |   403 |   943 ||  1346
Invok: Heroism           |       |       |       |     1 ||     1
       Finesse           |       |       |       |     1 ||     1
  Use: Potion            |       |     1 |     3 |     1 ||     5
       Scroll            |       |       |     8 |    10 ||    18
  Eat: Chunk             |     2 |     2 |    12 |    16 ||    32
       Ration            |       |       |     1 |     2 ||     3
Armor: Scale mail        |   152 |    57 |   195 |       ||   404
       Plate armour      |       |       |    13 |    11 ||    24
       Chain mail        |       |       |       |   362 ||   362
Dodge: Dodged            |    71 |    37 |   136 |   532 ||   776
Block: Kite shield       |   129 |    41 |   202 |   538 ||   910
